 Dungeon Crawl Stone Soup version 0.31.0-12-g77e489cdc1 (webtiles) character file.

Game seed: 5381348365672871192

215239 Gumption the Brawler (level 18, 0/165 HPs)
             Began as a Troll Gladiator on Jan 31, 2024.
             Was the Champion of Hepliaklqana.
             Killed from afar by Aizul (32 damage)
             ... with a bolt of poison
             ... on level 1 of the Snake Pit on Feb 27, 2024.
             The game lasted 03:19:45 (25776 turns).

Gumption the Brawler (Troll Gladiator)             Turns: 25776, Time: 03:19:46

Health: 0/165      AC: 26    Str: 23    XL:     18   Next: 32%
Magic:  20/20      EV: 11    Int:  8    God:    Hepliaklqana [******]
Gold:   2619       SH: 20    Dex: 17    Spells: 17/17 levels left

rFire   + .          .
                       - Unarmed
rCold   + + .        K - +0 tower shield {rC+}
rNeg    + . .        a - +7 pearl dragon scales of Ukiugax {rC+ rN+ Will++ Str-4}
rPois   .            B - +1 hat of Qazlal's Supremacy {Will+ Int+4}
rElec   .            A - +0 cloak
rCorr   .            (gloves unavailable)
SInv    .            (boots unavailable)
Will    ++++.        j - amulet of regeneration Stlth
                     m - +4 ring of protection
HPRegen 2.07/turn    I - ring of protection from fire
MPRegen 0.17/turn

%: no passive effects
@: lethally poisoned (0 -> -32), hasted, very quick
A: reduced essence, large, unfitting armour, claws 3, regeneration 1, shaggy fur
1, tough skin 1, inability to drink after injury 1
}: 1/15 runes: barnacled
a: Renounce Religion, Recall Ancestor, Ancestor Identity, Transference, Idealise


You were on level 1 of the Snake Pit.
You worshipped Hepliaklqana.
Hepliaklqana was exalted by your worship.
You visited 5 branches of the dungeon, and saw 27 of its levels.
You also visited: Sewer, Bailey and Ice Cave.

You collected 2822 gold pieces.
You spent 203 gold pieces at shops.

Inventory:

Missiles
 c - 8 throwing nets
 d - 42 large rocks (quivered)
 g - 9 curare-tipped darts
 p - 51 poisoned darts
 C - 9 javelins
 T - 48 boomerangs
Armour
 a - the +7 pearl dragon scales of Ukiugax (worn) {rC+ rN+ Will++ Str-4}
   (You found it in an ice cave)

   Str-4:     It affects your strength (-4).
   rC+:       It protects you from cold.
   rN+:       It protects you from negative energy.
   Will++:    It greatly increases your willpower.
 A - a +0 cloak (worn)
 B - the +1 hat of Qazlal's Supremacy (worn) {Will+ Int+4}
   (You found it on level 11 of the Dungeon)

   Int+4:     It affects your intelligence (+4).
   Will+:     It increases your willpower.
 K - a +0 tower shield of cold resistance (worn)
Jewellery
 j - an amulet of regeneration (around neck)
 m - a +4 ring of protection (left claw)
 n - a ring of resist corrosion
 I - a ring of protection from fire (right claw)
 O - a ring of ice
 Q - a ring of see invisible
 V - a +5 ring of evasion
 W - a ring of ice
Wands
 i - a wand of flame (25)
 s - a wand of mindburst (14)
 t - a wand of quicksilver (30)
 v - a wand of polymorph (10)
 y - a wand of charming (20)
 J - a wand of iceblast (28)
 U - a wand of digging (5)
Scrolls
 b - 6 scrolls of revelation
 f - 8 scrolls of teleportation
 E - a scroll of amnesia
 F - a scroll of blinking
 G - 2 scrolls of butterflies
 H - 5 scrolls of identify
 L - 3 scrolls of enchant weapon
 M - a scroll of fear
 N - 3 scrolls of silence
 P - a scroll of torment {unknown}
Potions
 e - 2 potions of berserk rage
 h - 4 potions of haste
 k - 10 potions of might
 l - 3 potions of attraction
 o - 4 potions of mutation
 q - 5 potions of brilliance
 r - 10 potions of curing
 u - 7 potions of invisibility
 w - 6 potions of heal wounds
 x - 8 potions of enlightenment
 z - 6 potions of magic
 S - 2 potions of resistance
Miscellaneous
 D - a phantom mirror


   Skills:
 + Level 12.9 Fighting
 + Level 9.6 Throwing
 + Level 3.2 Armour
 + Level 10.8 Dodging
 + Level 16.5 Shields
 + Level 16.7 Unarmed Combat
 - Level 5.0 Invocations


You had 17 spell levels left.
You didn't know any spells.
Your spell library contained the following spells:

 Spells                   Type           Power      Damage    Failure   Level
 Kiss of Death            Conj/Necr      0%         2d5       96%         1
 Slow                     Hex            0%         N/A       96%         1
 Blink                    Tloc           0%         N/A       99%         2
 Call Imp                 Summ           0%         N/A       99%         2
 Ensorcelled Hibernation  Hex/Ice        0%         N/A       99%         2
 Lesser Beckoning         Tloc           0%         N/A       99%         2
 Momentum Strike          Conj/Tloc      0%         3d8       99%         2
 Static Discharge         Conj/Air       0%         3-3/arc   99%         2
 Sublimation of Blood     Necr           0%         N/A       99%         2
 Confusing Touch          Hex            0%         N/A       100%        3
 Dazzling Flash           Conj/Hex       0%         N/A       100%        3
 Frozen Ramparts          Ice            0%         1d1       100%        3
 Fugue of the Fallen      Necr           0%         N/A       100%        3
 Gell's Gravitas          Tloc           0%         N/A       100%        3
 Hailstorm                Conj/Ice       0%         3d5       100%        3
 Mephitic Cloud           Conj/Alch/Air  0%         N/A       100%        3
 Ozocubu's Armour         Ice            0%         N/A       100%        3
 Sigil of Binding         Hex            0%         N/A       100%        3
 Stone Arrow              Conj/Erth      0%         3d7       100%        3
 Summon Ice Beast         Ice/Summ       0%         N/A       100%        3
 Teleport Other           Tloc           0%         N/A       100%        3
 Vampiric Draining        Necr           0%         2d6       100%        3
 Anguish                  Hex/Necr       0%         N/A       100%        4
 Animate Armour           Summ/Erth      0%         N/A       100%        4
 Cause Fear               Hex            0%         N/A       100%        4
 Dispel Undead            Necr           0%         3d6       100%        4
 Leda's Liquefaction      Alch/Erth      0%         N/A       100%        4
 Manifold Assault         Tloc           0%         N/A       100%        4
 Petrify                  Alch/Erth      0%         N/A       100%        4
 Summon Lightning Spire   Summ/Air       0%         N/A       100%        4
 Vhi's Electric Charge    Tloc/Air       0%         N/A       100%        4
 Arcjolt                  Conj/Air       0%         1d10      100%        5
 Borgnjor's Vile Clutch   Necr/Erth      0%         N/A       100%        5
 Curse of Agony           Necr           0%         N/A       100%        5
 Fireball                 Conj/Fire      0%         3d3       100%        5
 Lee's Rapid Deconstruct  Erth           0%         3d4*      100%        5
 Metabolic Englaciation   Hex/Ice        0%         N/A       100%        5
 Silence                  Hex/Air        0%         N/A       100%        5
 Sculpt Simulacrum        Ice/Alch       0%         N/A       100%        6
 Summon Hydra             Summ           0%         N/A       100%        7
 Lehudib's Crystal Spear  Conj/Erth      0%         10d2      100%        8
 Maxwell's Capacitive Co  Air            0%         ∞         100%        8
 Dragon's Call            Summ           0%         N/A       100%        9


Dungeon Overview and Level Annotations

Branches:
Dungeon (15/15)            Temple (0/1) D:6            Lair (5/5) D:11
 Shoals (4/4) Lair:2        Snake (1/4) Lair:2        Slime (0/5) Lair:5
    Orc (2/2) D:12            Elf (0/3) Orc:2        Vaults (0/5) D:13
 Depths (0/4) D:15          Sewer (visited)          Bailey (visited)
  IceCv (visited)

Altars:
Cheibriados
Elyvilon
Fedhas
Gozag
Hepliaklqana
Nemelex Xobeh
Okawaru
Trog
Uskayaw
Wu Jian
The Shining One
Lugonu

Shops:
D:9 :   Orc:2 *((   Shoals:1 **

Portals:
Abyss: Lair:5

Annotations:
D:7 2 transporters, paavali's ghost, novice DEEE
Snake:1 Aizul


Innate Abilities, Weirdness & Mutations

Your life essence is reduced to manifest your ancestor. (-10% HP)
You are too large for most types of armour.
You have claws for hands.
Your natural rate of healing is unusually fast.
You are covered in fur. (AC +1)
You have tough skin. (AC +1)
You occasionally lose the ability to drink potions when taking damage.


Message History

You are more poisoned.
The black mamba bites you!
Xochipepe hits the anaconda with a +0 dagger of draining!
You feel extremely sick.
The anaconda bites Xochipepe!
The black mamba bites Xochipepe!
Xochipepe casts a spell at the black mamba.
The black mamba resists with significant effort.
The anaconda closely misses Xochipepe.
You feel very sick.
The black mamba bites Xochipepe!
The anaconda bites Xochipepe!
Xochipepe casts a spell at the black mamba.
The black mamba suddenly stops moving!
You feel very sick.
The naga mage casts a spell.
The naga mage seems to speed up.
You feel very sick.
Something bites Xochipepe but does no damage.
You feel very sick.
You feel very sick.
You feel very sick.
Xochipepe has departed this plane of existence.
You feel sick.
You feel sick.
You feel sick.
You feel sick.
You feel sick.
You feel sick.
You feel sick.
Aizul coils herself and waves her upper body at you.
The poison arrow hits you!!
You are more poisoned.
* * * LOW HITPOINT WARNING * * *
You feel very sick.
You feel very sick.
You feel very sick.
You feel very sick.
Aizul coils herself and waves her upper body at you.
The bolt of poison hits you!!
You are lethally poisoned!
You die...

.. #..#S............# .
#.. ###.#.....#).##...##..
.## ..#..#....##.)..#.....
#.......##....#..........
.....S..S.SS.......####.
..................$####..
..........................
.................#........
..........@......###......
..........................
#..............)...##...
#.......#......######...
#####...##..............
###..###..........
##..<###..#.....
##...####......
##............


You could see Aizul, an anaconda (drained) and 2 black mambas.

Vanquished Creatures
  Louise (Shoals:4)
  An orc warlord (Orc:2)
  A very ugly thing (D:15)
  A formless jellyfish (Shoals:4)
  The ghost of wooly the Severer, a journeyman MiFi of Trog (Lair:2)
  9 merfolk impalers
  3 merfolk javelineers
  A rakshasa (D:15)
  6 hydras
  4 ogre magi
  4 centaur warriors
  2 merfolk avatars
  2 ironbound frosthearts (IceCv)
  2 catoblepae
  Erica (D:11)
  3 satyrs
  2 merfolk aquamancers (Shoals:4)
  8 two-headed ogres
  A boulder beetle (Lair:4)
  2 thrashing horrors (Lair:5)
  13 death yaks
  Urug (D:13)
  An orc high priest (Orc:2)
  A fire crab (Lair:4)
  6 skysharks
  4 skeletal warriors (D:13)
  A flayed ghost (D:13)
  A glowing orange brain (D:15)
  10 sea snakes
  An arcanist (D:14)
  An orc knight (D:15)
  2 large abominations (Lair:5)
  26 harpies
  13 manticores
  Maurice (Orc:2)
  5 cyclopes
  3 orc sorcerers
  7 fauns
  14 ugly things
  3 meliai (D:15)
  3 merfolk sirens
  4 black mambas
  13 elephants
  An ice statue (IceCv)
  3 water nymphs
  A gargoyle (D:10)
  11 cane toads
  2 smoke demons (Lair:5)
  A rime drake (Lair:1)
  2 efreet (D:15)
  An unseen horror (D:13)
  5 komodo dragons
  A tengu conjurer (D:15)
  7 trolls
  12 polar bears
  32 merfolk
  A blink frog (shapeshifter) (Lair:5)
  2 raiju (Lair:5)
  Prince Ribbit (Lair:2)
  10 snapping turtles
  5 wind drakes
  25 blink frogs
  A dream sheep (Shoals:4)
  Sigmund (D:2)
  2 centaur simulacra (D:12)
  17 slime creatures
  4 wyverns
  A spriggan (Lair:5)
  3 water elementals
  2 shadows
  A ynoxinul (Lair:5)
  63 yaks
  A wraith (D:13)
  5 basilisks
  2 wargs
  3 steam dragons
  7 vampire mosquitoes
  Menkaure (D:7)
  A chaos spawn (Lair:5)
  8 small abominations (Lair:5)
  3 nagas (Snake:1)
  7 water moccasins
  15 orc warriors
  Duvessa (D:7)
  4 ice beasts
  A black bear (D:8)
  3 laughing skulls
  35 wolves
  22 ogres
  5 centaurs
  A phantom (D:12)
  4 kobold brigands
  6 bullfrogs
  A bullfrog (shapeshifter) (D:14)
  A scorpion (D:7)
  5 wights (D:7)
  A troll zombie (D:12)
  15 killer bees
  An electric eel (Lair:4)
  A bombardier beetle (D:5)
  5 howler monkeys
  A lava snake (D:10)
  5 jellies
  Crazy Yiuf (D:5)
  5 hounds
  A gnoll bouda (Lair:3)
  12 orc priests
  An iguana (D:5)
  A sleepcap (D:4)
  Ijyb (D:4)
  14 orc wizards
  5 ogre zombies (D:12)
  A boggart simulacrum (D:12)
  12 gnolls
  9 adders
  2 river rats (Sewer)
  A shadow imp (D:5)
  3 white imps
  2 dart slugs (D:2)
  5 ribbon worms
  52 orcs
  4 endoplasms
  8 giant cockroaches
  4 gnoll zombies (D:12)
  9 hobgoblins
  4 jackals (D:4)
  4 quokkas
  9 ball pythons
  3 bats
  2 frilled lizards (D:1)
  12 goblins
  19 kobolds
  An orc skeleton (D:12)
  14 orc zombies (D:12)
  14 rats
813 creatures vanquished.

Vanquished Creatures (collateral kills)
  Polyphemus (Shoals:2)
  A merfolk javelineer (Shoals:3)
  Erolcha (D:11)
  An alligator snapping turtle (Shoals:3)
  2 hydras
  3 merfolk aquamancers
  A boulder beetle (D:13)
  2 merfolk avatars
  3 death yaks
  A thrashing horror (Lair:5)
  5 two-headed ogres
  Nergalle (D:11)
  A sea snake (Shoals:3)
  An arcanist (D:14)
  A deep elf pyromancer (D:14)
  A harpy (shapeshifter) (Lair:5)
  8 harpies
  4 manticores
  An ugly thing (D:14)
  2 elephants (Lair:2)
  A faun (Shoals:3)
  6 merfolk sirens
  A meliai (D:15)
  A kobold blastminer (Orc:2)
  2 water nymphs (Shoals:4)
  A black mamba (Lair:4)
  A torpor snail (Lair:5)
  2 cane toads
  3 komodo dragons
  A rime drake (Lair:4)
  A troll (Orc:1)
  3 polar bears
  4 wind drakes
  10 merfolk
  A dream sheep (Shoals:4)
  8 blink frogs
  7 slime creatures
  A snapping turtle (Shoals:2)
  2 water elementals (Shoals:3)
  A vampire (D:10)
  A wraith (D:12)
  2 wyverns (Lair:2)
  10 yaks
  A basilisk (Lair:5)
  2 vampire mosquitoes
  A small abomination (Lair:5)
  A swamp worm (shapeshifter) (D:15)
  A naga (Lair:2)
  5 water moccasins
  6 orc warriors
  2 ice beasts
  An ogre (Orc:1)
  7 wolves
  A phantom (D:5)
  2 bullfrogs
  A troll zombie (D:12)
  Dowan (D:7)
  4 killer bees
  2 howler monkeys (D:9)
  A jelly (Lair:5)
  3 orc priests
  9 orc wizards
  An ogre zombie (D:12)
  A gnoll (Bailey)
  An ufetubus (D:12)
  10 orcs
  A gnoll zombie (D:12)
  3 kobolds
  A quokka (D:5)
  3 orc zombies (D:12)
  2 butterflies (Lair:2)
185 creatures vanquished.

Vanquished Creatures (others)
  An orc warrior (D:15)
  25 hexers
  2 ancestors (D:6)
  4 orcs (Orc:2)
32 creatures vanquished.

Grand Total: 1030 creatures vanquished

Notes
Turn   | Place    | Note
-------+----------+-------------------------------------------
     0 | D:1      | Gumption the Troll Gladiator began the quest for the Orb.
     0 | D:1      | Reached XP level 1. HP: 19/19 MP: 0/0
    93 | D:1      | Reached XP level 2. HP: 28/28 MP: 1/1
   327 | D:1      | Found a faded altar of an unknown god.
   866 | D:2      | Reached XP level 3. HP: 35/35 MP: 2/2
   894 | D:2      | Identified the +4 dagger "Qucoam" {freeze, rF++ Int-4}
   916 | D:2      | Noticed Sigmund
   927 | D:2      | Killed Sigmund
   928 | D:2      | Reached skill level 5 in Unarmed Combat
   928 | D:2      | Reached XP level 4. HP: 22/44 MP: 3/3
   928 | D:2      | Reached XP level 5. HP: 25/50 MP: 4/4
  1147 | D:2      | Identified the +4 short sword "Plog" {venom, rCorr}
  1148 | D:2      | Found a snail-covered altar of Cheibriados.
  2204 | D:3      | Reached XP level 6. HP: 59/59 MP: 5/5
  2378 | D:3      | Found a blossoming altar of Fedhas.
  2458 | D:3      | Found a sparkling altar of Nemelex Xobeh.
  2459 | D:3      | Found a hazy altar of Hepliaklqana.
  2515 | D:3      | Became a worshipper of Hepliaklqana the Forgotten
  2970 | D:4      | Noticed Ijyb
  2976 | D:4      | Killed Ijyb
  3223 | D:4      | Reached * piety under Hepliaklqana
  3270 | D:5      | Entered Level 5 of the Dungeon
  3288 | D:5      | Reached XP level 7. HP: 54/60 MP: 6/6
  3723 | D:5      | Found a runed translucent door.
  3724 | D:5      | Noticed Crazy Yiuf
  3750 | D:5      | Killed Crazy Yiuf
  3807 | D:5      | Found a hide-covered altar of Uskayaw.
  3807 | D:5      | Found an ornate altar of the Wu Jian Council.
  3808 | D:5      | Found an opulent altar of Gozag.
  3821 | D:5      | Reached XP level 8. HP: 70/70 MP: 7/7
  3908 | D:6      | Found a glowing drain.
  3933 | Sewer    | Entered a sewer
  4011 | Sewer    | Found a white marble altar of Elyvilon.
  4227 | D:6      | Identified the +6 hand axe "Kopp" {flame, rPois Will-
                  | Stlth+}
  4309 | D:6      | Reached skill level 5 in Dodging
  4327 | D:6      | Reached skill level 5 in Fighting
  4332 | D:6      | Reached XP level 9. HP: 33/79 MP: 8/8
  4411 | D:6      | Reached ** piety under Hepliaklqana
  4412 | D:6      | Remembered your ancestor Xochipepe as a hexer
  4643 | D:6      | Found a staircase to the Ecumenical Temple.
  4844 | D:6      | Found a white marble altar of Elyvilon.
  5253 | D:7      | Reached skill level 10 in Unarmed Combat
  5314 | D:7      | Reached *** piety under Hepliaklqana
  5328 | D:7      | Noticed Dowan
  5331 | D:7      | Noticed Duvessa
  5336 | D:7      | Killed Duvessa
  5340 | D:7      | Killed Dowan
  5396 | D:7      | Found a flagged portal.
  5407 | Bailey   | Entered a bailey
  5982 | D:7      | Noticed Menkaure
  5987 | D:7      | Killed Menkaure
  6021 | D:7      | Found a transporter.
  6026 | D:7      | Reached XP level 10. HP: 80/88 MP: 9/9
  6073 | D:7      | Noticed paavali's ghost (novice DEEE)
  6077 | D:7      | Found a transporter.
  6397 | D:8      | Found a bloodstained altar of Trog.
  6505 | D:8      | Reached skill level 1 in Shields
  6978 | D:9      | Found Taofuih's Book Shoppe.
  7124 | D:9      | Noticed a two-headed ogre
  7130 | D:9      | Killed a two-headed ogre
  7278 | D:9      | Found a snail-covered altar of Cheibriados.
  7283 | D:9      | Reached **** piety under Hepliaklqana
  7373 | D:9      | Found a glowing golden altar of the Shining One.
  7373 | D:9      | Found an iron altar of Okawaru.
  7452 | D:10     | Entered Level 10 of the Dungeon
  7484 | D:10     | Noticed a gargoyle
  7489 | D:10     | Killed a gargoyle
  7515 | D:10     | Noticed a two-headed ogre
  7523 | D:10     | Killed a two-headed ogre
  7608 | D:10     | Reached skill level 5 in Shields
  7608 | D:10     | Reached XP level 11. HP: 86/98 MP: 10/10
  8314 | D:11     | Found a staircase to the Lair.
  8318 | D:11     | Noticed Erica
  8340 | D:11     | Killed Erica
  8405 | D:11     | Identified the +1 hat of Qazlal's Supremacy {Will+ Int+4}
  8419 | D:11     | Reached ***** piety under Hepliaklqana
  8439 | D:11     | Identified the +2 robe of the Swan {rN+ Str+5}
  8445 | D:11     | Found a frozen archway.
  8455 | IceCv    | Entered an ice cave
  8805 | IceCv    | Noticed a death yak
  8805 | IceCv    | Noticed a death yak
  8816 | IceCv    | Killed a death yak
  8823 | IceCv    | Killed a death yak
  8824 | IceCv    | Reached XP level 12. HP: 107/107 MP: 11/11
  9052 | IceCv    | Noticed an ironbound frostheart
  9052 | IceCv    | Noticed a death yak
  9052 | IceCv    | Noticed a death yak
  9052 | IceCv    | Noticed an ironbound frostheart
  9077 | IceCv    | Killed a death yak
  9084 | IceCv    | Killed a death yak
  9098 | IceCv    | Killed an ironbound frostheart
  9100 | IceCv    | HP: 4/109 [ironbound frostheart/creeping frost (12)]
  9110 | IceCv    | Killed an ironbound frostheart
  9185 | IceCv    | Identified the +7 pearl dragon scales of Ukiugax {rC+ rN+
                  | Will++ Str-4}
  9330 | D:11     | Noticed Erolcha
  9346 | D:11     | Killed Erolcha
  9387 | D:11     | Noticed Nergalle
  9408 | D:11     | Killed Nergalle
  9838 | Lair:1   | Entered Level 1 of the Lair of Beasts
 10363 | Lair:1   | Reached skill level 10 in Shields
 10367 | Lair:1   | Reached XP level 13. HP: 117/117 MP: 12/12
 10839 | Lair:2   | Found a staircase to the Shoals.
 10922 | Lair:2   | Found a staircase to the Snake Pit.
 10945 | Lair:2   | Found a runed translucent gate.
 10945 | Lair:2   | Found a runed translucent gate.
 10945 | Lair:2   | Found a runed translucent gate.
 10953 | Lair:2   | Noticed wooly's ghost (journeyman MiFi)
 10974 | Lair:2   | Noticed Prince Ribbit
 10982 | Lair:2   | Killed Prince Ribbit
 11644 | Lair:2   | Killed wooly's ghost
 11825 | Lair:2   | Reached skill level 10 in Dodging
 12027 | Lair:3   | Reached ****** piety under Hepliaklqana
 12084 | Lair:3   | Found a hide-covered altar of Uskayaw.
 13061 | Lair:4   | Reached XP level 14. HP: 121/126 MP: 13/13
 13072 | Lair:4   | Reached skill level 10 in Fighting
 13559 | Lair:5   | Entered Level 5 of the Lair of Beasts
 14079 | Lair:5   | Identified the +3 leather armour of the Doomed God {Will+}
 14125 | Lair:5   | Found a staircase to the Slime Pits.
 14538 | Lair:5   | Reached skill level 5 in Throwing
 14989 | Lair:5   | Found a corrupted altar of Lugonu.
 14989 | Lair:5   | Found a one-way gate to the infinite horrors of the Abyss.
 15653 | D:12     | Reached XP level 15. HP: 130/136 MP: 14/14
 15765 | D:12     | Found a staircase to the Orcish Mines.
 15793 | D:12     | Reached skill level 5 in Invocations
 15793 | D:12     | Reached XP level 16. HP: 144/144 MP: 14/18
 16505 | D:13     | Noticed Urug
 16513 | D:13     | Killed Urug
 17124 | D:13     | Found a gate to the Vaults.
 17133 | D:13     | Reached skill level 15 in Unarmed Combat
 18438 | D:15     | Entered Level 15 of the Dungeon
 19184 | D:15     | Identified the ring of Meann {Wiz Int+2}
 19312 | D:15     | Found a staircase to the Depths.
 19575 | Orc:1    | Entered Level 1 of the Orcish Mines
 19833 | Orc:2    | Entered Level 2 of the Orcish Mines
 20088 | Orc:2    | Reached skill level 15 in Shields
 20230 | Orc:2    | Found Borommac's Weapon Shop.
 20230 | Orc:2    | Found Oriusack's Antique Weapon Shoppe.
 20231 | Orc:2    | Found Migy's Armour Emporium.
 20231 | Orc:2    | Found Heipref's Assorted Antiques.
 20264 | Orc:2    | Noticed Maurice
 20325 | Orc:2    | Killed Maurice
 20326 | Orc:2    | Reached XP level 17. HP: 126/154 MP: 19/19
 20377 | Orc:2    | Found a staircase to the Elven Halls.
 20532 | Orc:2    | Bought a scroll labelled MEOGUK CITUCU for 29 gold pieces
 20632 | Orc:2    | Gained mutation: You occasionally lose the ability to drink
                  | potions when taking damage. [a neqoxec]
 21088 | Orc:2    | Bought a potion of curing for 87 gold pieces
 21088 | Orc:2    | Bought a potion of curing for 87 gold pieces
 21248 | Lair:2   | Upgraded the game from 0.31.0-9-g3a7656b989 to
                  | 0.31.0-12-g77e489cdc1
 21251 | Shoals:1 | Entered Level 1 of the Shoals
 21507 | Shoals:1 | Found Beddet Saru's Specific Store.
 21507 | Shoals:1 | Found Getakowic's General Store.
 22371 | Shoals:2 | Noticed Polyphemus
 22385 | Shoals:2 | Killed Polyphemus
 23568 | Shoals:3 | Identified the +1 scale mail of Solemn Mirth {rF+ Regen+
                  | Int+5 Stlth+}
 23782 | Shoals:3 | Reached skill level 1 in Armour
 24049 | Shoals:4 | Entered Level 4 of the Shoals
 24278 | Shoals:4 | Noticed Louise
 24300 | Shoals:4 | Killed Louise
 24303 | Shoals:4 | Reached XP level 18. HP: 156/165 MP: 20/20
 24594 | Shoals:4 | Identified the +5 executioner's axe "Iddux" {elec, Dex+3}
 24918 | Shoals:4 | Paralysed by a formless jellyfish for 1 turns
 25360 | Shoals:4 | Got Decuuhim's Octavo of Chthonic Battle Magic
 25535 | Shoals:4 | Got a barnacled rune of Zot
 25701 | Snake:1  | Entered Level 1 of the Snake Pit
 25752 | Snake:1  | Identified the serpent talisman of the Rhinotaur {Int+3}
 25752 | Snake:1  | Noticed Aizul
 25776 | Snake:1  | Killed from afar by Aizul

Illustrated notes

Levels and vault maps discovered:
D:1:      lemuel_arrival_tunnels, layout_basic,
          shapermc_ecumenical_altar_mp_highgroup
D:2:      layout_basic, basic_altar, st_stairs_13, minmay_door_square,
          minmay_randomly_rotated_circles, uniq_sigmund
D:3:      layout_loops_corners, fedhas_altar_fruit_tree,
          mainiacjoe_overflow_divided_tiny, kennysheep_boxes
D:4:      layout_rooms, uniq_ijyb
D:5:      layout_cave_pools, gammafunk_temple_overflow_claw, grunt_tough_drop,
          uniq_crazy_yiuf_cottage
D:6:      layout_loops_corners, nicolae_elyvilon_peaceful_grove,
          minmay_temple_entry_overgrown, portal_sewer_entry_b
D:7:      layout_basic, gammafunk_ghost_smash, enter_bailey_7, uniq_duvessa,
          uniq_menkaure
D:8:      layout_loops_cross, mainiacjoe_overflow_alcove_1
D:9:      layout_cave_pools, gammafunk_temple_overflow_statue,
          cheibrodos_worm_habitat, serial_shops, shop_coins
D:10:     layout_loops_ring, kennysheep_path_1
D:11:     layout_cave_pools, lair_entry_dummy, portal_ice_cave_entry_pillars_1,
          uniq_erolcha, uniq_erica, uniq_nergalle
D:12:     layout_irregular_city, zombieorc2_lemuel, serial_ice, serial_ice_b,
          serial_ice_h, serial_ice_f, serial_ice_g
D:13:     layout_loops_corners, hellmonk_vaults_attempted_burglary, uniq_urug
D:14:     layout_layer_cave, minmay_hedge_maze, billiards_dpeg
D:15:     gammafunk_enter_depths_forms, layout_loops_ring,
          minmay_misc_feat_square, minmay_mirror_moons_of_madness
Lair:1:   layout_regular_city, grunt_megastairs_5
Lair:2:   layout_long_grid, nicolae_shoals_entry_roost,
          guppyfry_snake_entry_island, ebering_ghost_rock_garden,
          lemuel_fruit_tree, lemuel_fruit_fields, uniq_prince_ribbit2
Lair:3:   layout_roguey, basic_altar, dreamdust_gnoll_shepherd
Lair:4:   layout_loops_ring, serial_bayou_ford_a, grunt_megastairs_3
Lair:5:   hellmonk_lair_end_abyssal_woods, layout_regular_city, slime_entry_2,
          grunt_megastairs_2
Shoals:1: layout_shoals, nicolae_specific_store
Shoals:2: layout_shoals, uniq_polyphemus
Shoals:3: cheibrodos_shoals_epimethial_gifts, layout_shoals,
          nicolae_shoals_loop_pool
Shoals:4: shoals_end_hangedman, layout_shoals, uniq_louise
Snake:1:  cheibrodos_forgotten_conduit, layout_onion,
          hangedman_snake_sidewinding, uniq_aizul
Orc:1:    layout_caves
Orc:2:    st_orc_ogre_mass, layout_caves, kennysheep_orc_chapel, uniq_maurice

Skill      XL: |  1  2  3  4  5  6  7  8  9 10 11 12 13 14 15 16 17 18 |
---------------+-------------------------------------------------------+-----
Fighting       | 2 3 4 5 6 7 8 9 10 11 12 | 12.9
Dodging        | 3 4 5 6 7 8 9 10 | 10.8
Unarmed Combat | 5 6 7 9 10 11 12 13 14 15 16 | 16.7
Shields        | 5 7 10 11 13 15 16 | 16.5
Throwing       | 2 5 7 9 |  9.6
Invocations    | 5 |  5.0
Armour         | 2 3 |  3.2

Action                     |  1- 3 |  4- 6 |  7- 9 | 10-12 | 13-15 | 16-18 || total
---------------------------+-------+-------+-------+-------+-------+-------++-------
  Melee: Unarmed           |    68 |   110 |   278 |   511 |   735 |  1376 ||  3078
         Punch             |       |     4 |    14 |     1 |       |       ||    19
  Throw: Dart              |       |     1 |       |       |       |       ||     1
         Large rock        |       |       |       |       |    35 |    10 ||    45
 Invoke: Ancestor Identity |       |       |     1 |       |       |       ||     1
         Ancestor Life: He |       |       |     1 |       |       |       ||     1
         Recall Ancestor   |       |       |       |     1 |     1 |     2 ||     4
  Evoke: Wand              |       |       |       |       |     7 |       ||     7
    Use: Scroll            |       |     6 |     8 |     6 |     5 |     5 ||    30
         Potion            |       |       |       |     4 |     1 |     2 ||     7
   Stab: Sleeping          |       |     1 |     7 |     1 |       |       ||     9
         Confused          |       |       |     1 |    12 |    12 |    21 ||    46
         Distracted        |       |       |     1 |     9 |    10 |    19 ||    39
         Paralysed         |       |       |       |       |     5 |   102 ||   107
         Petrified         |       |       |       |       |       |     2 ||     2
 Armour: Robe              |    29 |    56 |   150 |   113 |       |       ||   348
         Troll leather arm |       |       |       |   102 |       |       ||   102
         Pearl dragon scal |       |       |       |    79 |   552 |   855 ||  1486
  Dodge: Dodged            |    36 |    62 |   129 |   165 |   234 |   365 ||   991
  Block: Kite shield       |       |       |       |    88 |       |       ||    88
         Tower shield      |       |       |       |   297 |   842 |  1595 ||  2734
